 Dungeon Crawl Stone Soup version 0.29.0-4-gdea44cf6ec (webtiles) character file.

Game seed: 4320297654491452605

767 qw the Chopper (level 7, 0/57 HPs)
             Began as a Ghoul Summoner on Sept 10, 2022.
             Was an Initiate of Okawaru.
             Slain by a troll (4 damage)
             ... on level 5 of the Dungeon.
             The game lasted 00:02:17 (5110 turns).

qw the Chopper (Ghoul Summoner)                     Turns: 5110, Time: 00:02:18

Health: 0/57       AC: 24    Str: 14    XL:     7   Next: 82%
Magic:  6/8        EV:  7    Int: 10    God:    Okawaru [......]
Gold:   966        SH: 13    Dex:  9    Spells: 8/9 levels left

rFire   . . .      SeeInvis .   Y - +0 hand axe
rCold   + + .      Faith    .   n - +0 kite shield
rNeg    + + +      Spirit   .   a - +7 Kryia's mail coat {PotionHeal*2 rC+}
rPois   inf        Reflect  +   i - +0 helmet
rElec   .          Harm     .   s - +2 cloak {rPois}
rCorr   +          Rampage  .   o - +0 pair of gloves
Will    .....                   h - +0 pair of boots
Stlth   ..........              e - amulet of reflection
HPRegen 0.00/turn               r - +4 ring of protection
MPRegen 0.11/turn               b - ring of resist corrosion

@: inhibited regen
A: claws 1, cold resistance 1, negative energy resistance 3, inhibited
regeneration, torment resistance 2, devour on kill
a: Renounce Religion


You were on level 5 of the Dungeon.
You worshipped Okawaru.
Okawaru was noncommittal.
You visited 2 branches of the dungeon, and saw 6 of its levels.

You collected 1377 gold pieces.
You spent 411 gold pieces at shops.


Innate Abilities, Weirdness & Mutations

You are immune to poison.
You have sharp fingernails.
Your flesh is cold resistant. (rC+)
You are immune to negative energy. (rN+++)
You do not regenerate when monsters are visible.
You are immune to unholy pain and torment.
You thrive by killing the living.


   Skills:
 - Level 3.0 Fighting
 - Level 5.1 Axes
 - Level 2.4 Armour
 - Level 1.7 Dodging
 - Level 2.1 Stealth
 + Level 3.6 Shields
 - Level 1.7 Spellcasting
 - Level 3.6 Summonings


You had 8 spell levels left.
You knew the following spells:

 Your Spells              Type           Power      Damage    Failure   Level
a - Summon Small Mammal   Summ           32%        N/A       67%         1

Your spell library contained the following spells:

 Spells                   Type           Power      Damage    Failure   Level
 Call Imp                 Summ           Unusable   N/A       N/A         2
 Call Canine Familiar     Summ           Unusable   N/A       N/A         3
 Summon Guardian Golem    Hex/Summ       Unusable   N/A       N/A         3
 Summon Lightning Spire   Summ/Air       Unusable   N/A       N/A         4

Inventory:

Hand Weapons
 c - a +1 flail
 Y - a +0 hand axe (weapon)
Armour
 a - the +7 Kryia's mail coat (worn) {PotionHeal*2 rC+}
   (You found it on level 2 of the Dungeon)

   Potions are twice as effective at healing its wearer.
   rC:        It protects you from cold.
 h - a +0 pair of boots (worn)
 i - a +0 helmet (worn)
 n - a +0 kite shield (worn)
 o - a +0 pair of gloves (worn)
 s - a +2 cloak of poison resistance (worn)
Jewellery
 b - a ring of resist corrosion (right hand)
 e - an amulet of reflection (around neck)
 r - a +4 ring of protection (left hand)
Scrolls
 d - 2 scrolls of identify
Potions
 f - 3 potions of curing
 g - a potion of might
 l - a potion of resistance {unknown}
 m - a potion of mutation {unknown}

Dungeon Overview and Level Annotations

Branches:
Dungeon (5/15)             Temple (1/1) D:4

Altars:
Dithmenos
Fedhas
Gozag
Nemelex Xobeh
Okawaru
Qazlal
Uskayaw
Wu Jian
Xom

Shops:
D:2 [   D:3 [


Message History

The troll claws you but does no damage.
You hit the troll.
The troll is almost dead.
The troll barely misses you.
The troll claws you but does no damage. x2
You closely miss the troll.
The troll is almost dead.
The troll closely misses you. The troll barely misses you.
The troll claws you but does no damage.
You barely miss the troll.
The troll is almost dead.
The troll bites you but does no damage. The troll closely misses you.
You block the troll's attack.
You hit the troll but do no damage.
The troll is severely wounded.
You feel like a meek peon again. The troll bites you! The troll claws you!
The troll claws you but does no damage.
You closely miss the troll.
The troll is severely wounded.
You block the troll's attack. The troll barely misses you.
The troll claws you but does no damage.
You barely miss the troll.
The troll is severely wounded.
The troll barely misses you. You block the troll's attack.
The troll claws you but does no damage.
You closely miss the troll.
The troll is severely wounded.
The troll bites you but does no damage.
The troll claws you but does no damage. x2
You hit the troll.
The troll is almost dead.
The troll barely misses you. x2; The troll claws you but does no damage.
The troll bites you but does no damage. You block the troll's attack. x2
You hit the troll.
The troll is almost dead.
The troll bites you but does no damage. The troll claws you but does no damage.
You block the troll's attack.
You closely miss the troll.
The troll is almost dead.
The troll barely misses you. The troll claws you.
You die...

...... .###......##..#
...... ...............
#..... ..............>
#..... ...........
...... .....$.....
...... .####.....# .#
#...#.
.......T..##.######.....
#(@................
#.#..............##
#.#..##.###.##...#
#.##.#..)...........##
#.......#.............
####.#..#..###.##...##
###.#..#..###.##...#
...................##
.......#..###.###....


You could see a troll.

Vanquished Creatures
  A water moccasin (D:5)
  A black bear (D:4)
  A centaur (D:5)
  2 phantoms (D:4)
  2 scorpions
  A hound (D:4)
  An orc wizard (D:4)
  7 adders
  3 gnolls (D:4)
  An ufetubus (D:4)
  A dart slug (D:1)
  5 orcs
  5 endoplasms
  3 giant cockroaches
  A goblin (D:4)
  7 hobgoblins
  6 jackals (D:2)
  3 kobolds
  4 quokkas
  8 ball pythons
  A frilled lizard (D:3)
  4 rats
68 creatures vanquished.

Vanquished Creatures (collateral kills)
  3 endoplasms (D:1)
  A giant cockroach (D:1)
  A jackal (D:2)
  A quokka (D:1)
  A ball python (D:1)
  2 bats (D:1)
  2 frilled lizards
  2 goblins
  2 rats
15 creatures vanquished.

Grand Total: 83 creatures vanquished

Notes
Turn   | Place    | Note
-------+----------+-------------------------------------------
     0 | D:1      | qw the Ghoul Summoner began the quest for the Orb.
     0 | D:1      | Reached XP level 1. HP: 14/14 MP: 2/2
     0 | D:1      | 0 ||| qw: Version: 0.1-a-116-g5d60599
     0 | D:1      | 0 ||| qw: Game counter: 7555
     0 | D:1      | 0 ||| qw: Always use a shield: true
     0 | D:1      | 0 ||| qw: God list: Okawaru
     0 | D:1      | 0 ||| qw: Allow faded altars: false
     0 | D:1      | 0 ||| qw: Do Orc after D:15 true
     0 | D:1      | 0 ||| qw: Do second Lair branch before Depths: true
     0 | D:1      | 0 ||| qw: Lair rune preference: random
     0 | D:1      | 0 ||| qw: Plans: Normal
     0 | D:1      | 0 ||| PLANNING D:1-11
    46 | D:1      | 46 ||| CASTING Summon Small Mammal
    47 | D:1      | 47 ||| CASTING Summon Small Mammal
    83 | D:1      | 83 ||| CASTING Summon Small Mammal
    84 | D:1      | 84 ||| CASTING Summon Small Mammal
   124 | D:1      | 124 ||| CASTING Summon Small Mammal
   125 | D:1      | 125 ||| CASTING Summon Small Mammal
   129 | D:1      | Reached skill level 1 in Axes
   152 | D:1      | 152 ||| CASTING Summon Small Mammal
   153 | D:1      | 153 ||| CASTING Summon Small Mammal
   179 | D:1      | 179 ||| CASTING Summon Small Mammal
   180 | D:1      | 180 ||| CASTING Summon Small Mammal
   245 | D:1      | 245 ||| Wielding weapon +0 dagger of speed.
   249 | D:1      | 249 ||| CASTING Summon Small Mammal
   250 | D:1      | 250 ||| CASTING Summon Small Mammal
   259 | D:1      | Reached XP level 2. HP: 20/22 MP: 0/3
   316 | D:1      | 316 ||| Stepping ~*~*~tactically~*~*~ (stealth).
   317 | D:1      | 317 ||| CASTING Summon Small Mammal
   318 | D:1      | 318 ||| CASTING Summon Small Mammal
   319 | D:1      | 319 ||| Stepping ~*~*~tactically~*~*~ (hiding).
   320 | D:1      | 320 ||| CASTING Summon Small Mammal
   329 | D:1      | Reached skill level 1 in Fighting
   331 | D:1      | 331 ||| CASTING Summon Small Mammal
   349 | D:1      | 349 ||| CASTING Summon Small Mammal
   473 | D:1      | 473 ||| CASTING Summon Small Mammal
   474 | D:1      | 474 ||| CASTING Summon Small Mammal
   475 | D:1      | 475 ||| CASTING Summon Small Mammal
   520 | D:1      | Found a faded altar of an unknown god.
   528 | D:1      | 528 ||| CASTING Summon Small Mammal
   529 | D:1      | 529 ||| CASTING Summon Small Mammal
   530 | D:1      | 530 ||| CASTING Summon Small Mammal
   652 | D:1      | 652 ||| CASTING Summon Small Mammal
   653 | D:1      | 653 ||| CASTING Summon Small Mammal
   654 | D:1      | 654 ||| CASTING Summon Small Mammal
   690 | D:1      | 690 ||| CASTING Summon Small Mammal
   691 | D:1      | 691 ||| CASTING Summon Small Mammal
   692 | D:1      | 692 ||| CASTING Summon Small Mammal
   739 | D:1      | 739 ||| CASTING Summon Small Mammal
   740 | D:1      | 740 ||| CASTING Summon Small Mammal
   741 | D:1      | 741 ||| CASTING Summon Small Mammal
   788 | D:1      | 788 ||| Stepping ~*~*~tactically~*~*~ (stealth).
   790 | D:1      | 790 ||| CASTING Summon Small Mammal
   791 | D:1      | 791 ||| CASTING Summon Small Mammal
   792 | D:1      | 792 ||| CASTING Summon Small Mammal
   837 | D:1      | 837 ||| CASTING Summon Small Mammal
   838 | D:1      | 838 ||| CASTING Summon Small Mammal
   839 | D:1      | 839 ||| CASTING Summon Small Mammal
   897 | D:1      | 897 ||| CASTING Summon Small Mammal
   898 | D:1      | 898 ||| CASTING Summon Small Mammal
   899 | D:1      | 899 ||| CASTING Summon Small Mammal
   907 | D:1      | 907 ||| Stepping ~*~*~tactically~*~*~ (outnumbered).
   914 | D:1      | 914 ||| CASTING Summon Small Mammal
   916 | D:1      | Reached skill level 2 in Axes
   916 | D:1      | Reached XP level 3. HP: 21/28 MP: 0/4
  1132 | D:1      | 1132 ||| CASTING Summon Small Mammal
  1133 | D:1      | 1133 ||| CASTING Summon Small Mammal
  1185 | D:1      | 1185 ||| CASTING Summon Small Mammal
  1186 | D:1      | 1186 ||| CASTING Summon Small Mammal
  1187 | D:1      | 1187 ||| CASTING Summon Small Mammal
  1188 | D:1      | 1188 ||| CASTING Summon Small Mammal
  1198 | D:1      | 1198 ||| CASTING Summon Small Mammal
  1433 | D:1      | 1433 ||| CASTING Summon Small Mammal
  1434 | D:1      | 1434 ||| CASTING Summon Small Mammal
  1435 | D:1      | 1435 ||| CASTING Summon Small Mammal
  1436 | D:1      | 1436 ||| CASTING Summon Small Mammal
  1444 | D:1      | 1444 ||| CASTING Summon Small Mammal
  1493 | D:1      | 1493 ||| UPGRADING to +0 ring mail.
  1503 | D:1      | 1503 ||| DROPPING +0 robe.
  1504 | D:1      | 1504 ||| UPGRADING to +0 pair of boots.
  1509 | D:1      | 1509 ||| UPGRADING to +0 cloak.
  1514 | D:1      | 1514 ||| READING scroll labelled GEGIYS RUUS.
  1514 | D:1      | Identified a scroll of acquirement
  1514 | D:1      | 1514 ||| ACQUIRING 1155 gold pieces
  1514 | D:1      | Acquired 1155 gold pieces
  1516 | D:1      | 1516 ||| READING scroll labelled JAETYU HUASSUCRAU.
  1517 | D:1      | 1517 ||| READING scroll labelled ZIEMOT QIHALOC.
  1518 | D:1      | 1518 ||| DROPPING potion of magic.
  1601 | D:2      | 1601 ||| CASTING Summon Small Mammal
  1602 | D:2      | 1602 ||| CASTING Summon Small Mammal
  1603 | D:2      | 1603 ||| CASTING Summon Small Mammal
  1604 | D:2      | 1604 ||| CASTING Summon Small Mammal
  1650 | D:2      | 1650 ||| CASTING Summon Small Mammal
  1651 | D:2      | 1651 ||| CASTING Summon Small Mammal
  1652 | D:2      | 1652 ||| CASTING Summon Small Mammal
  1653 | D:2      | 1653 ||| CASTING Summon Small Mammal
  1664 | D:2      | 1664 ||| CASTING Summon Small Mammal
  1674 | D:2      | 1674 ||| Stepping ~*~*~tactically~*~*~ (outnumbered).
  1675 | D:2      | 1675 ||| Stepping ~*~*~tactically~*~*~ (outnumbered).
  1679 | D:2      | 1679 ||| CASTING Summon Small Mammal
  1694 | D:2      | 1694 ||| CASTING Summon Small Mammal
  1801 | D:2      | 1801 ||| CASTING Summon Small Mammal
  1802 | D:2      | 1802 ||| CASTING Summon Small Mammal
  1803 | D:2      | 1803 ||| CASTING Summon Small Mammal
  1804 | D:2      | 1804 ||| CASTING Summon Small Mammal
  1817 | D:2      | 1817 ||| CASTING Summon Small Mammal
  1943 | D:2      | Found the +7 Kryia's mail coat {PotionHeal*2 rC+}
  1986 | D:2      | 1986 ||| Stepping ~*~*~tactically~*~*~ (stealth).
  1987 | D:2      | 1987 ||| CASTING Summon Small Mammal
  1988 | D:2      | 1988 ||| CASTING Summon Small Mammal
  1989 | D:2      | 1989 ||| CASTING Summon Small Mammal
  1990 | D:2      | 1990 ||| CASTING Summon Small Mammal
  2002 | D:2      | 2002 ||| CASTING Summon Small Mammal
  2022 | D:2      | 2022 ||| CASTING Summon Small Mammal
  2026 | D:2      | 2026 ||| CASTING Summon Small Mammal
  2084 | D:2      | 2084 ||| CASTING Summon Small Mammal
  2085 | D:2      | 2085 ||| CASTING Summon Small Mammal
  2086 | D:2      | 2086 ||| CASTING Summon Small Mammal
  2087 | D:2      | 2087 ||| CASTING Summon Small Mammal
  2152 | D:2      | 2152 ||| CASTING Summon Small Mammal
  2153 | D:2      | 2153 ||| CASTING Summon Small Mammal
  2154 | D:2      | 2154 ||| Stepping ~*~*~tactically~*~*~ (stealth).
  2158 | D:2      | 2158 ||| CASTING Summon Small Mammal
  2160 | D:2      | 2160 ||| CASTING Summon Small Mammal
  2162 | D:2      | 2162 ||| CASTING Summon Small Mammal
  2178 | D:2      | 2178 ||| CASTING Summon Small Mammal
  2195 | D:2      | 2195 ||| CASTING Summon Small Mammal
  2348 | D:2      | Found Daxkalaex's Antique Armour Shop.
  2361 | D:2      | 2361 ||| BUYING kite shield (112 gold).
  2361 | D:2      | Bought a kite shield for 112 gold pieces
  2361 | D:2      | 2361 ||| BUYING pair of gloves (112 gold).
  2361 | D:2      | Bought a pair of gloves for 112 gold pieces
  2383 | D:2      | 2383 ||| CASTING Summon Small Mammal
  2384 | D:2      | 2384 ||| CASTING Summon Small Mammal
  2385 | D:2      | 2385 ||| CASTING Summon Small Mammal
  2386 | D:2      | 2386 ||| CASTING Summon Small Mammal
  2396 | D:2      | Reached XP level 4. HP: 36/36 MP: 1/5
  2472 | D:2      | 2472 ||| CASTING Summon Small Mammal
  2473 | D:2      | 2473 ||| CASTING Summon Small Mammal
  2474 | D:2      | 2474 ||| CASTING Summon Small Mammal
  2475 | D:2      | 2475 ||| CASTING Summon Small Mammal
  2476 | D:2      | 2476 ||| CASTING Summon Small Mammal
  2606 | D:2      | 2606 ||| CASTING Summon Small Mammal
  2607 | D:2      | 2607 ||| CASTING Summon Small Mammal
  2608 | D:2      | 2608 ||| CASTING Summon Small Mammal
  2609 | D:2      | 2609 ||| CASTING Summon Small Mammal
  2610 | D:2      | 2610 ||| CASTING Summon Small Mammal
  2618 | D:2      | 2618 ||| CASTING Summon Small Mammal
  2867 | D:2      | 2867 ||| UPGRADING to +7 Kryia's mail coat {PotionHeal*2
                  | rC+}.
  2877 | D:2      | 2877 ||| DROPPING +0 ring mail.
  2878 | D:2      | 2878 ||| UPGRADING to +0 helmet.
  2883 | D:2      | 2883 ||| UPGRADING to +0 kite shield.
  2888 | D:2      | 2888 ||| UPGRADING to +0 pair of gloves.
  2893 | D:2      | 2893 ||| UPGRADING to +4 ring of protection.
  2894 | D:2      | 2894 ||| READING scroll labelled YDAVEA FOORO.
  2895 | D:2      | 2895 ||| READING scroll labelled DYMAPH FAILI.
  2896 | D:2      | 2896 ||| READING scroll labelled SEPTOU YMAMA.
  2897 | D:2      | 2897 ||| READING scroll labelled VUYLUN WUCKYGI.
  2902 | D:2      | 2902 ||| DRINKING 3 orange potions.
  2984 | D:3      | 2984 ||| SWAPPING to +0 mace.
  2985 | D:3      | 2985 ||| DROPPING +0 dagger of speed.
  3042 | D:3      | Found a shadowy altar of Dithmenos.
  3092 | D:3      | 3092 ||| Stepping ~*~*~tactically~*~*~ (stealth).
  3096 | D:3      | 3096 ||| Stepping ~*~*~tactically~*~*~ (stealth).
  3098 | D:3      | 3098 ||| Stepping ~*~*~tactically~*~*~ (stealth).
  3103 | D:3      | 3103 ||| Stepping ~*~*~tactically~*~*~ (stealth).
  3366 | D:3      | Found Gaxudoag's Antique Armour Emporium.
  3374 | D:3      | 3374 ||| BUYING runed cloak (187 gold).
  3374 | D:3      | Bought a runed cloak for 187 gold pieces
  3374 | D:3      | 3374 ||| SWAPPING to +0 flail.
  3375 | D:3      | 3375 ||| DROPPING +0 mace.
  3403 | D:3      | 3403 ||| Stepping ~*~*~tactically~*~*~ (stealth).
  3459 | D:3      | Reached skill level 1 in Shields
  3646 | D:3      | 3646 ||| UPGRADING to +2 cloak of poison resistance.
  3656 | D:3      | 3656 ||| DROPPING +0 cloak.
  3657 | D:3      | 3657 ||| UPGRADING to amulet of reflection.
  3662 | D:3      | 3662 ||| READING scroll labelled ANUUSMOZAHIKH.
  3663 | D:3      | 3663 ||| READING scroll labelled IROPAF VUWORO.
  3664 | D:3      | 3664 ||| DRINKING 2 smoky cyan potions.
  3665 | D:3      | 3665 ||| DRINKING 3 coppery potions.
  3666 | D:3      | 3666 ||| DROPPING potion of flight.
  3667 | D:3      | 3667 ||| DROPPING 2 potions of brilliance.
  3778 | D:4      | Noticed a scorpion
  3786 | D:4      | Noticed a black bear
  3790 | D:4      | Killed a scorpion
  3791 | D:4      | Reached XP level 5. HP: 34/41 MP: 6/6
  3799 | D:4      | Killed a black bear
  3800 | D:4      | Reached XP level 6. HP: 40/48 MP: 7/7
  3812 | D:4      | 3812 ||| FLEEEEING.
  3813 | D:4      | 3813 ||| FLEEEEING.
  3816 | D:4      | 3816 ||| FLEEEEING.
  3817 | D:4      | 3817 ||| FLEEEEING.
  3818 | D:4      | 3818 ||| FLEEEEING.
  3819 | D:4      | 3819 ||| FLEEEEING.
  3821 | D:4      | 3821 ||| FLEEEEING.
  3822 | D:4      | 3822 ||| FLEEEEING.
  3823 | D:4      | 3823 ||| FLEEEEING.
  3825 | D:4      | 3825 ||| FLEEEEING.
  3826 | D:4      | 3826 ||| FLEEEEING.
  3827 | D:4      | 3827 ||| STAIRDANCE
  3856 | D:3      | 3856 ||| READING 2 scrolls of identify.
  3856 | D:3      | 3856 ||| IDENTIFYING viscous emerald potion
  3857 | D:3      | 3857 ||| DROPPING potion of invisibility.
  3872 | D:4      | Reached skill level 3 in Axes
  4018 | D:4      | 4018 ||| Stepping ~*~*~tactically~*~*~ (outnumbered).
  4024 | D:4      | Reached skill level 3 in Shields
  4122 | D:4      | 4122 ||| Stepping ~*~*~tactically~*~*~ (stealth).
  4124 | D:4      | 4124 ||| Stepping ~*~*~tactically~*~*~ (hiding).
  4173 | D:4      | 4173 ||| SWAPPING to +0 hand axe.
  4207 | D:4      | Reached skill level 4 in Axes
  4207 | D:4      | Reached XP level 7. HP: 49/55 MP: 8/8
  4288 | D:4      | Found a staircase to the Ecumenical Temple.
  4289 | D:4      | 4289 ||| PLANNING TEMPLE
  4292 | D:4      | 4292 ||| READING scroll labelled FOOSAC WIYGOUH.
  4298 | Temple   | Entered the Ecumenical Temple
  4312 | Temple   | 4312 ||| PLANNING D:1-11
  4312 | Temple   | Became a worshipper of Warmaster Okawaru
  4624 | D:4      | 4624 ||| UPGRADING to ring of resist corrosion.
  4625 | D:4      | 4625 ||| READING 3 scrolls of identify.
  4625 | D:4      | 4625 ||| IDENTIFYING bubbling blue potion
  4626 | D:4      | 4626 ||| READING 2 scrolls of identify.
  4626 | D:4      | 4626 ||| IDENTIFYING fizzy coppery potion
  4627 | D:4      | 4627 ||| DROPPING potion of lignification.
  4648 | D:5      | Entered Level 5 of the Dungeon
  4652 | D:5      | 4652 ||| STAIRDANCE
  4706 | D:5      | Reached skill level 3 in Fighting
  4756 | D:5      | Reached skill level 5 in Axes
  4950 | D:5      | 4950 ||| Stepping ~*~*~tactically~*~*~ (hiding).
  4974 | D:5      | Reached * piety under Okawaru
  5070 | D:5      | Noticed a troll
  5071 | D:5      | 5071 ||| INVOKING Heroism.
  5082 | D:5      | 5082 ||| INVOKING Heroism.
  5083 | D:5      | 5083 ||| INVOKING Heroism.
  5094 | D:5      | 5094 ||| INVOKING Heroism.
  5104 | D:5      | HP: 11/57 [troll (10)]
  5104 | D:5      | HP: 4/57 [troll (7)]
  5110 | D:5      | Slain by a troll

Levels and vault maps discovered:
D:1:      onia_arrival_mini_spirals, layout_rooms,
          ebering_ecumenical_altar_abandoned, serial_co_window_serial,
          co_window_paths_b, co_window_corner_a, co_window_cross_1,
          co_window_paths_a, co_window_paths_a, co_window_of_opportunity_c,
          co_window_corner_b, co_window_corner_b, co_window_of_opportunity_c,
          co_window_paths_c, glass_columns_a
D:2:      layout_basic, serial_shops, nicolae_diamond_shop
D:3:      layout_basic, marbit_many_paths, serial_shops, shop
D:4:      layout_loops_ring, minmay_temple_entry_enclosed_plants,
          serial_bayou_pond_d, grunt_decor_resistance
D:5:      layout_basic, uniq_grinder
Temple:   hellmonk_temple_rainy

Skill      XL: |  1  2  3  4  5  6  7 |
---------------+----------------------+-----
Axes           | 1 2 4 5 |  5.1
Fighting       | 1 2 3 |  3.0
Shields        | 2 3 |  3.6
Armour         | 2 |  2.4
Dodging        | |  1.7
Stealth        | |  2.1
Spellcasting   | |  1.7
Summonings     | |  3.6

Action                   |  1- 3 |  4- 6 |  7- 9 || total
-------------------------+-------+-------+-------++-------
Melee: Unarmed           |     6 |       |       ||     6
       Dagger            |   205 |    18 |       ||   223
       Punch             |     1 |       |       ||     1
       Flail             |       |    95 |       ||    95
       Mace              |       |    20 |       ||    20
       Hand axe          |       |    27 |   143 ||   170
Throw: Boomerang         |     1 |    28 |     3 ||    32
 Cast: Summon Small Mamm |    76 |    10 |       ||    86
Invok: Heroism           |       |       |     3 ||     3
  Use: Scroll            |     3 |     7 |     3 ||    13
       Potion            |       |     3 |       ||     3
 Stab: Distracted        |     2 |       |       ||     2
Armor: Robe              |     9 |       |       ||     9
       Ring mail         |    54 |     3 |       ||    57
       Scale mail        |       |    85 |   126 ||   211
Dodge: Dodged            |   102 |    42 |    67 ||   211
Block: Kite shield       |       |    83 |   149 ||   232

Table legend:
 A = Non-vault XP
 B = Vault XP
 C = Vault XP percentage of total XP
 D = Non-vault monster count
 E = Vault monster count
 F = Vault count percentage of total count
                 A         B        C        D         E       F
            +---------+---------+-------+---------+---------+-------
      Total |    1095 |       2 |   0.2 |      82 |       1 |   1.2
            +---------+---------+-------+---------+---------+-------
        D:1 |      43 |       0 |   0.0 |      25 |       0 |   0.0
        D:2 |      44 |       0 |   0.0 |      18 |       0 |   0.0
        D:3 |      29 |       2 |   6.5 |       9 |       1 |  10.0
        D:4 |     625 |       0 |   0.0 |      25 |       0 |   0.0
        D:5 |     354 |       0 |   0.0 |       5 |       0 |   0.0
            +---------+---------+-------+---------+---------+-------
